 Dungeon Crawl Stone Soup version 0.18-a0-1764-gf4ddf0b (webtiles) character file.

165 FallenGlory the Shooter (level 5, 0/42 HPs)
             Began as a Centaur Hunter on Apr 13, 2016.
             Was an Initiate of Nemelex Xobeh.
             Slain by a worker ant (7 damage)
             ... on level 4 of the Dungeon.
             The game lasted 00:09:18 (3246 turns).

FallenGlory the Shooter (Centaur Hunter)            Turns: 3246, Time: 00:09:18

Health: 0/42       AC:  5    Str: 14    XL:     5   Next: 21%
Magic:  5/5        EV: 10    Int: 10    God:    Nemelex Xobeh [......]
Gold:   157        SH:  0    Dex: 11    Spells: 0 memorised, 4 levels left

rFire  . . .     SeeInvis .     a - +1 shortbow
rCold  . . .     Gourm    .     p - +1 leather armour {rPois}
rNeg   . . .     Faith    .     (shield currently unavailable)
rPois  +         Spirit   .     (no helmet)
rElec  .         Dismiss  .     (no cloak)
rCorr  .         Reflect  .     (no gloves)
SustAt .         Harm     .     (no barding)
MR     .....                    (no amulet)
Stlth  +.........               (no ring)
                                (no ring)

@: lethally poisoned (0 -> -3), very quick, not resistant to hostile
enchantments, very unstealthy
A: hooves 3, deformed body, speed 2, tough skin 3
a: Renounce Religion


You were on level 4 of the Dungeon.
You worshipped Nemelex Xobeh.
Nemelex Xobeh was noncommittal.
You were not hungry.

You visited 1 branch of the dungeon, and saw 4 of its levels.

You collected 157 gold pieces.

Inventory:

Hand Weapons
 a - a +1 shortbow (weapon)
 b - a +0 short sword
Missiles
 d - 30 arrows (quivered)
Armour
 c - a +0 leather armour
 p - a +1 leather armour of poison resistance (worn)
Jewellery
 m - an uncursed ring of magical power {unknown}
 r - a cursed ring of teleportation {unknown}
 w - an uncursed amulet of rage {unknown}
Wands
 v - a wand of iceblast (3/15)
Scrolls
 g - a scroll of enchant weapon {unknown}
 j - 2 scrolls of identify {unknown}
 l - a scroll of fog {unknown}
 n - 3 scrolls of remove curse {unknown}
 o - a scroll of teleportation {unknown}
 u - a scroll of amnesia {unknown}
Potions
 e - 2 potions of resistance {unknown}
 h - a potion of curing {unknown}
 i - a potion of berserk rage {unknown}
 k - 2 potions of heal wounds {unknown}
 q - a potion of ambrosia {unknown}
 t - a potion of degeneration {unknown}
Comestibles
 f - a bread ration
 s - 2 fruits


   Skills:
 + Level 2.4 Fighting
 + Level 1.3 Short Blades
 + Level 6.5 Bows
 + Level 1.4 Armour
 + Level 2.3 Dodging
 + Level 0.7 Stealth


You had 4 spell levels left.
You didn't know any spells.

Dungeon Overview and Level Annotations

Branches:
Dungeon (4/15)
 Temple: D:4-7

Altars:
Nemelex Xobeh
Pakellas
Ru


Innate Abilities, Weirdness & Mutations

You have hooves in place of feet.
Armour fits poorly on your strangely shaped body.
You cover ground very quickly.
You have extremely tough skin (AC +3).


Message History

Firing (i - inventory):
d - 33 arrows (quivered)
Press: ? - help, Shift-Dir - straight line, f/p - worker ant
Aim: a worker ant (severely wounded)
You shoot an arrow.
The arrow hits the worker ant but does no damage.
The worker ant is severely wounded.
You feel sick. The worker ant closely misses you.
The worker ant bites you but does no damage.
Firing (i - inventory):
d - 32 arrows (quivered)
Press: ? - help, Shift-Dir - straight line, f/p - worker ant
Aim: a worker ant (severely wounded)
You shoot an arrow. The arrow barely misses the worker ant.
The worker ant bites you but does no damage.
Firing (i - inventory):
d - 31 arrows (quivered)
Press: ? - help, Shift-Dir - straight line, f/p - worker ant
Aim: a worker ant (severely wounded)
You shoot an arrow. The arrow barely misses the worker ant.
The worker ant bites you!
You die...
Your body disappears without a glow.

.# #.. .. #.#
.# #.# .# #.#
(# #.# (# #.#
##a# #.###@#
##.######.##.##
#...[..<....##
#.####.#####.#
#. #.# #. #.#
#. ## #. #.


You could see a worker ant.

Vanquished Creatures
  A giant frog zombie (D:4)
  5 adders
  2 oozes
  A worm (D:2)
  3 dart slugs
  A giant gecko (D:3)
  3 orcs (D:3)
  5 giant cockroaches
  3 goblins
  2 hobgoblins
  11 jackals
  5 bats
  8 giant newts
  10 kobolds
  8 rats
68 creatures vanquished.

Notes
Turn   | Place    | Note
--------------------------------------------------------------
     0 | D:1      | FallenGlory the Centaur Hunter began the quest for the Orb.
     0 | D:1      | Reached XP level 1. HP: 17/17 MP: 1/1
   116 | D:1      | Reached XP level 2. HP: 16/24 MP: 2/2
   173 | D:1      | Reached skill level 6 in Bows
   608 | D:1      | Reached XP level 3. HP: 16/29 MP: 3/3
  1278 | D:2      | Found a faded altar to an unknown god.
  1300 | D:2      | Became a worshipper of Ru the Awakened
  1489 | D:2      | Reached XP level 4. HP: 22/36 MP: 4/4
  1861 | D:2      | Reached skill level 1 in Short Blades
  1934 | D:2      | Reached skill level 1 in Armour
  2222 | D:3      | Found an oddly glowing altar of Pakellas.
  2901 | D:3      | Found a sparkling altar of Nemelex Xobeh.
  2918 | D:3      | Fell from the grace of Ru
  2918 | D:3      | Became a worshipper of Nemelex Xobeh the Trickster
  3229 | D:4      | Reached XP level 5. HP: 24/42 MP: 5/5
  3246 | D:4      | Slain by a worker ant

Vault maps used:
D:1:      dpeg_arrival_boxorama
D:2:      ecumenical_altar_1, nrook_loot_triangle
D:3:      marbit_many_paths, grunt_pakellas_mercury, wad_floor_pattern_untrapped
D:4:      minmay_temple_entry_glassed_door, kennysheep_generic_room_9,
          uniq_natasha

Skill      XL: |  1  2  3  4 |
---------------+-------------+-----
Bows           | 6 |  6.5
Dodging        | 2 |  2.3
Short Blades   | 1 |  1.3
Armour         | 1 |  1.4
Fighting       | |  2.4
Stealth        | |  0.7

Action                   |  1- 3 |  4- 6 || total
-------------------------+-------+-------++-------
Melee: Short sword       |   117 |    97 ||   214
       Kick              |    19 |    25 ||    44
 Fire: Shortbow          |    56 |    43 ||    99
  Eat: Chunk             |     1 |     4 ||     5
Armor: Leather armour    |    71 |    44 ||   115
Dodge: Dodged            |    73 |    49 ||   122
